 Dungeon Crawl Stone Soup version 0.31.0-32-g396128a36d (webtiles) character file.

Game seed: 11353153735650484837

511 gohu the Magician (level 7, -4/45 HPs)
             Began as a Djinni Fire Elementalist on Mar 10, 2024.
             Killed by divine providence
             ... invoked by an orc priest
              (15 damage)
             ... on level 4 of the Dungeon.
             The game lasted 00:07:28 (3738 turns).

gohu the Magician (Djinni Fire Elementalist)        Turns: 3738, Time: 00:07:29

Health: -4/45      AC:  4    Str:  7    XL:     7   Next: 43%
Gold:   184        EV: 12    Int: 19    God:
                   SH:  0    Dex: 13

rFire   + + .        q - staff of conjuration
rCold   x . .        (no shield)
rNeg    . . .        a - +0 robe
rPois   ∞            w - +0 helmet
rElec   .            (no cloak)
rCorr   .            n - +0 pair of gloves
SInv    .            (boots unavailable)
Will    .....        (no amulet)
Stlth   ++           (no ring)
HPRegen 0.27/turn    (no ring)
MPRegen 0.00/turn

%: infuse magic (-5 HP)
@: flying
A: sickness immunity, fire resistance 2, cold vulnerability 1, float, innate
caster, HP casting, extra vitality 1
a: no special abilities


You were on level 4 of the Dungeon.
You visited 1 branch of the dungeon, and saw 4 of its levels.

You collected 184 gold pieces.

Inventory:

Missiles
 g - 3 javelins
Armour
 a - a +0 robe (worn)
 n - a +0 pair of gloves (worn)
 w - a +0 helmet (worn)
Magical Staves
 q - a staff of conjuration (weapon)
Jewellery
 l - a ring of positive energy
 z - an amulet of regeneration
Wands
 p - a wand of acid (2)
 y - a wand of flame (20)
Scrolls
 b - a scroll of noise {unknown}
 c - a scroll of immolation {unknown}
 e - 2 scrolls of teleportation {unknown}
 f - a scroll of blinking {unknown}
 h - a scroll of vulnerability {unknown}
 i - 2 scrolls of acquirement {unknown}
 r - 2 scrolls of identify {unknown}
 s - a scroll of enchant armour {unknown}
 B - a scroll of poison {unknown}
Potions
 d - 2 potions of haste {unknown}
 j - a potion of might {unknown}
 k - a potion of brilliance {unknown}
 m - a potion of resistance {unknown}
 o - a potion of curing
 t - a potion of enlightenment {unknown}
 u - 2 potions of mutation {unknown}
 v - a potion of lignification {unknown}
 x - a potion of berserk rage {unknown}
 A - a potion of ambrosia {unknown}


   Skills:
 - Level 2.1 Dodging
 - Level 1.5 Stealth
 + Level 6.5 Spellcasting
 + Level 6.5 Conjurations
 + Level 6.5 Hexes
 + Level 6.5 Summonings
 + Level 6.5 Necromancy
 + Level 6.5 Translocations
 + Level 6.5 Fire Magic
 + Level 6.5 Ice Magic
 + Level 6.5 Air Magic
 + Level 6.5 Earth Magic
 + Level 6.5 Alchemy


You knew the following spells:

 Your Spells              Type           Power      Damage    Failure   Level
a - Foxfire               Conj/Fire      100%       2x1d9     1%          1
b - Searing Ray           Conj           92%        2d7       1%          2
c - Volatile Blastmotes   Fire/Tloc      62%        2d15      2%          3
d - Inner Flame           Hex/Fire       31%        N/A       2%          3
e - Flame Wave            Conj/Fire      46%        2d12      7%          4
f - Magic Dart            Conj           100%       1d8       1%          1
g - Scorch                Fire           62%        2d7       1%          2
h - Vampiric Draining     Necr           31%        2d8       2%          3
Your spell library was empty.

Dungeon Overview and Level Annotations

Branches:
Dungeon (4/15)
 Temple: D:4-7

Altars:
Okawaru
The Shining One


Innate Abilities, Weirdness & Mutations

You are immune to sickness and miasma.
You are immune to poison.
Your flesh is very heat resistant. (rF++)
You are vulnerable to cold. (rC-)
You float through the air rather than walking.
You learn spells naturally, not from books.
Your magical power is your life essence.
You have superior vitality. (+4 MHP)


Message History

* * * LOW HITPOINT WARNING * * *
The orc priest calls down the wrath of Beogh upon you.
Pain shoots through your body!
* * * LOW HITPOINT WARNING * * *
Casting: Searing Ray (safe; 1% risk of failure)
Confirm with . or Enter, or press ? or * to list all spells.
Restarting spell: Searing Ray (safe; 1% risk of failure)
Press: ? - help, Shift-Dir - straight line, f - orc priest
Aim: an orc priest, wielding a +0 war axe and wearing a +0 leather armour (82% to hit)
You feel a surge of power!
The searing ray hits the orc priest.
The orc priest is moderately wounded. (Press . to maintain the ray.)
* * * LOW HITPOINT WARNING * * *
The orc priest misses you.
It was a potion of curing.
You feel better. The orc priest closely misses you.
Casting: Searing Ray (safe; 1% risk of failure)
Confirm with . or Enter, or press ? or * to list all spells.
Aiming: Searing Ray (safe; 1% risk of failure)
Press: ? - help, Shift-Dir - straight line, f/p - orc priest
Aim: an orc priest, wielding a +0 war axe and wearing a +0 leather armour (moderately wounded, 82% to hit)
You feel a surge of power!
The searing ray hits the orc priest.
The orc priest is heavily wounded. (Press . to maintain the ray.)
* * * LOW HITPOINT WARNING * * *
The orc priest hits you with a +0 war axe.
* * * LOW HITPOINT WARNING * * *
Casting: Searing Ray (safe; 1% risk of failure)
Confirm with . or Enter, or press ? or * to list all spells.
Restarting spell: Searing Ray (safe; 1% risk of failure)
Press: ? - help, Shift-Dir - straight line, f/p - orc priest
Aim: an orc priest, wielding a +0 war axe and wearing a +0 leather armour (heavily wounded, 82% to hit)
You feel a surge of power!
The searing ray misses the orc priest. (Press . to maintain the ray.)
* * * LOW HITPOINT WARNING * * *
The orc priest hits you with a +0 war axe.
* * * LOW HITPOINT WARNING * * *
You feel better.
The orc priest mumbles some strange prayers to Beogh against you.
Beogh smites you!
You die...

#.# #.# #.# #####.## #.#
#....... ##'## #.###.##
##...## #.# #.##
##.....###.###.##
##.......##.##..##
...####.........#.##...#
.....)o@........'.......
...####)........####...#
##.......## #..##
##.....## #.## ##..:##
#. ##+## ##


You could see an orc priest.

Vanquished Creatures
  A phantom (D:4)
  A bombardier beetle (D:4)
  2 hounds (D:4)
  A jelly (D:4)
  Jessica (D:3)
  A sleepcap (D:4)
  4 orc wizards (D:4)
  5 gnolls
  3 adders
  8 orcs (D:4)
  8 endoplasms
  3 giant cockroaches
  13 goblins
  8 hobgoblins
  4 jackals (D:3)
  2 quokkas
  6 ball pythons
  2 bats (D:1)
  3 frilled lizards
  5 kobolds
  6 rats
87 creatures vanquished.

Vanquished Creatures (others)
  166 foxfires
166 creatures vanquished.

Grand Total: 253 creatures vanquished

Notes
Turn   | Place    | Note
-------+----------+-------------------------------------------
     0 | D:1      | gohu the Djinni Fire Elementalist began the quest for the
                  | Orb.
     0 | D:1      | gohu set off with the following spells memorised: Foxfire,
                  | Scorch, Volatile Blastmotes, Inner Flame, Flame Wave.
     0 | D:1      | Reached XP level 1. HP: 15/15 MP: 0/0
   148 | D:1      | Reached XP level 2. HP: 20/21 MP: 0/0
   457 | D:1      | Reached XP level 3. HP: 23/25 MP: 0/0
   457 | D:1      | Learned a level 1 spell: Magic Dart
  1213 | D:2      | Reached XP level 4. HP: 27/31 MP: 0/0
  1831 | D:3      | Reached XP level 5. HP: 17/35 MP: 0/0
  1831 | D:3      | Learned a level 2 spell: Searing Ray
  1948 | D:3      | Noticed Jessica
  2004 | D:3      | Killed Jessica
  2144 | D:3      | Reached skill level 5 in Spellcasting
  2144 | D:3      | Reached skill level 5 in Conjurations
  2144 | D:3      | Reached skill level 5 in Hexes
  2144 | D:3      | Reached skill level 5 in Summonings
  2144 | D:3      | Reached skill level 5 in Necromancy
  2144 | D:3      | Reached skill level 5 in Translocations
  2144 | D:3      | Reached skill level 5 in Fire Magic
  2144 | D:3      | Reached skill level 5 in Ice Magic
  2144 | D:3      | Reached skill level 5 in Air Magic
  2144 | D:3      | Reached skill level 5 in Earth Magic
  2144 | D:3      | Reached skill level 5 in Alchemy
  2762 | D:4      | Reached XP level 6. HP: 38/40 MP: 0/0
  3053 | D:4      | Reached XP level 7. HP: 40/45 MP: 0/0
  3053 | D:4      | Learned a level 3 spell: Vampiric Draining
  3256 | D:4      | Found an iron altar of Okawaru.
  3257 | D:4      | Found a glowing golden altar of the Shining One.
  3738 | D:4      | Killed from afar by an orc priest

Illustrated notes

Levels and vault maps discovered:
D:1:      sevenhm_arrival_forest_fort_large_4, layout_loops_ring
D:2:      minmay_inner_zag, layout_basic
D:3:      layout_loops_cross, grunt_ministairs_9,
          nicolae_concentric_dashed_squares_wild, kennysheep_jessica_study
D:4:      kennysheep_the_goblin_king, layout_loops_corners,
          nicolae_overflow_two_pavilions

Skill      XL: |  1  2  3  4  5  6 |
---------------+-------------------+-----
Spellcasting   | 4 5 6 |  6.5
Conjurations   | 4 5 6 |  6.5
Hexes          | 4 5 6 |  6.5
Summonings     | 4 5 6 |  6.5
Necromancy     | 4 5 6 |  6.5
Translocations | 4 5 6 |  6.5
Fire Magic     | 4 5 6 |  6.5
Ice Magic      | 4 5 6 |  6.5
Air Magic      | 4 5 6 |  6.5
Earth Magic    | 4 5 6 |  6.5
Alchemy        | 4 5 6 |  6.5
Dodging        | |  2.1
Stealth        | |  1.5

Action                     |  1- 3 |  4- 6 |  7- 9 || total
---------------------------+-------+-------+-------++-------
   Cast: Foxfire           |    64 |    39 |     3 ||   106
         Scorch            |     5 |     5 |       ||    10
         Volatile Blastmot |       |    21 |     8 ||    29
         Searing Ray       |       |    10 |    31 ||    41
    Use: Potion            |       |       |     2 ||     2
 Armour: Robe              |     4 |    10 |    11 ||    25
  Dodge: Dodged            |     1 |     4 |    10 ||    15
